General information
- name: BNet
- type: Ladder team game (AT/RT)
- host: Battle.net
- saver: iceboy
map: SilverpineForest
- players: 6
- length: 50:36
- speed: Fast
- version: 1.28 W3XP
- replay type:

» download(487 KB)
Players
team 1 (winner)
iceboy (
red | 96 APM | 4860 actions | 50:36)
9 Blademaster
3 Wind Walk
3 Critical Strike
1 Bladestorm
2 Mirror Image
» actions
| Assign group hotkey | 613 | |
| Basic commands | 14 | |
| Build / train | 113 | |
| Enter build submenu | 65 | |
| Enter hero's abilities submenu | 9 | |
| Give item / drop item | 16 | |
| Remove unit from queue | 1 | |
| Right click | 3001 | |
| Select / deselect | 405 | |
| Select group hotkey | 327 | |
| Use ability | 296 | |
4860 total
» units
» upgrades
| Spiked Barricades | 1 | |
| Liquid Fire | 1 | |
| Ranged Weapons | 3 | |
| Armor | 3 | |
| Reinforced Defenses | 1 | |
9 total
» buildings
| Altar of Storms | 1 | |
| Orc Burrow | 6 | |
| War Mill | 1 | |
| Watch Tower | 41 | |
| Voodoo Lounge | 3 | |
| Stronghold | 1 | |
| Fortress | 1 | |
| Beastiary | 2 | |
| Great Hall | 1 | |
57 total
» build order
00:15 Altar of Storms
00:21 Orc Burrow
00:49 War Mill
01:56 Orc Burrow
02:10 Watch Tower
02:22 Voodoo Lounge
02:33 Watch Tower
03:01 Watch Tower
03:44 Watch Tower
04:03 Watch Tower
04:46 Watch Tower
05:04 Watch Tower
05:35 Orc Burrow
06:09 Watch Tower
07:15 Watch Tower
07:15 Watch Tower
07:19 Stronghold
08:11 Watch Tower
08:11 Watch Tower
08:15 Watch Tower
09:39 Watch Tower
09:46 Watch Tower
09:47 Fortress
09:52 Beastiary
09:59 Beastiary
10:53 Orc Burrow
10:54 Orc Burrow
10:55 Orc Burrow
11:12 Watch Tower
12:09 Watch Tower
12:15 Watch Tower
12:25 Watch Tower
13:18 Watch Tower
13:38 Watch Tower
13:50 Watch Tower
15:04 Voodoo Lounge
15:36 Watch Tower
16:13 Watch Tower
16:53 Watch Tower
21:29 Watch Tower
21:30 Watch Tower
22:00 Voodoo Lounge
24:34 Watch Tower
25:50 Watch Tower
25:51 Watch Tower
26:14 Watch Tower
26:17 Watch Tower
26:18 Watch Tower
41:21 Great Hall
41:26 Watch Tower
41:27 Watch Tower
41:27 Watch Tower
41:42 Watch Tower
41:43 Watch Tower
41:49 Watch Tower
43:07 Watch Tower
43:08 Watch Tower
» items
| Healing Salve | 7 | |
| Lesser Clarity Potion | 18 | |
| Scroll of Speed | 1 | |
| Boots of Speed | 1 | |
| Staff of Teleportation | 1 | |
| Potion of Healing | 1 | |
| Orb of Lightning | 1 | |
| Scroll of Town Portal | 1 | |
| Legion Doom-Horn | 1 | |
| Amulet of Spell Shield | 1 | |
33 total
matathemyra (
yellow | 95 APM | 4811 actions | 50:35)
9 Warden
3 Shadow Strike
3 Blink
1 Spirit of Vengeance
2 Fan of Knives
» actions
| Assign group hotkey | 323 | |
| Basic commands | 16 | |
| Build / train | 79 | |
| Enter build submenu | 64 | |
| Enter hero's abilities submenu | 9 | |
| Give item / drop item | 10 | |
| Right click | 3277 | |
| Select / deselect | 563 | |
| Select group hotkey | 93 | |
| Use ability | 375 | |
4811 total
» units
» upgrades
| Nature's Blessing | 1 | |
| Ultravision | 1 | |
| Well Spring | 1 | |
3 total
» buildings
| Altar of Elders | 1 | |
| Moon Well | 24 | |
| Tree of Ages | 1 | |
| Tree of Life | 3 | |
| Hunter's Hall | 1 | |
| Tree of Eternity | 3 | |
| Ancient of Wonders | 1 | |
| Ancient of War | 25 | |
| Ancient Protector | 1 | |
60 total
» build order
00:06 Altar of Elders
00:17 Moon Well
01:14 Moon Well
05:03 Tree of Ages
06:07 Tree of Life
07:16 Moon Well
07:17 Moon Well
07:18 Moon Well
08:10 Hunter's Hall
11:09 Tree of Eternity
11:09 Tree of Eternity
11:09 Tree of Eternity
13:55 Moon Well
13:55 Moon Well
13:55 Moon Well
16:44 Ancient of Wonders
17:44 Tree of Life
18:20 Tree of Life
21:24 Moon Well
21:24 Moon Well
36:48 Moon Well
36:50 Moon Well
36:50 Moon Well
36:51 Moon Well
36:51 Moon Well
36:52 Moon Well
39:09 Moon Well
39:10 Moon Well
39:11 Moon Well
40:32 Moon Well
40:33 Moon Well
40:36 Moon Well
40:36 Moon Well
43:39 Moon Well
45:46 Ancient of War
45:46 Ancient of War
45:47 Ancient of War
45:47 Ancient of War
45:48 Ancient of War
45:53 Ancient of War
45:57 Ancient Protector
47:03 Ancient of War
47:04 Ancient of War
47:05 Ancient of War
47:09 Ancient of War
47:10 Ancient of War
47:11 Ancient of War
47:12 Ancient of War
47:24 Ancient of War
47:24 Ancient of War
47:27 Ancient of War
47:27 Ancient of War
47:42 Ancient of War
48:02 Ancient of War
48:03 Ancient of War
48:17 Ancient of War
48:17 Ancient of War
48:18 Ancient of War
48:20 Ancient of War
49:07 Ancient of War
» items
| Lesser Clarity Potion | 5 | |
| Healing Salve | 4 | |
| Potion of Healing | 1 | |
| Scroll of Town Portal | 3 | |
| Boots of Speed | 1 | |
| Staff of Teleportation | 1 | |
| Orb of Lightning | 1 | |
| Helm of Valor | 2 | |
| Potion of Greater Healing | 1 | |
| Hood of Cunning | 1 | |
20 total
timg4strok (
green | 123 APM | 6198 actions | 50:35)
6 Archmage
3 Blizzard
3 Brilliance Aura
6 Mountain King
3 Storm Bolt
2 Bash
1 Avatar
4 Paladin
2 Holy Light
1 Divine Shield
1 Devotion Aura
» actions
| Assign group hotkey | 6 | |
| Basic commands | 39 | |
| Build / train | 215 | |
| ESC pressed | 1 | |
| Enter build submenu | 222 | |
| Enter hero's abilities submenu | 17 | |
| Give item / drop item | 14 | |
| Right click | 2485 | |
| Select / deselect | 594 | |
| Select group hotkey | 1801 | |
| Use ability | 804 | |
6198 total
» units
» upgrades
» buildings
| Lumber Mill | 2 | |
| Altar of Kings | 1 | |
| Farm | 4 | |
| Scout Tower | 481 | |
| Arcane Tower | 14 | |
| Guard Tower | 136 | |
| Keep | 1 | |
| Castle | 1 | |
| Arcane Sanctum | 1 | |
| Town Hall | 4 | |
| Arcane Vault | 2 | |
647 total
» build order
00:19 Lumber Mill
00:30 Altar of Kings
00:32 Farm
01:14 Scout Tower
01:35 Scout Tower
01:39 Scout Tower
01:46 Arcane Tower
01:49 Scout Tower
01:56 Farm
02:05 Arcane Tower
02:06 Scout Tower
02:14 Guard Tower
02:16 Scout Tower
02:19 Scout Tower
02:32 Guard Tower
02:34 Arcane Tower
02:37 Scout Tower
02:42 Guard Tower
02:42 Guard Tower
02:46 Scout Tower
02:57 Guard Tower
02:59 Scout Tower
03:12 Guard Tower
03:20 Guard Tower
03:21 Scout Tower
03:29 Scout Tower
03:34 Guard Tower
03:36 Scout Tower
03:47 Guard Tower
03:49 Scout Tower
04:27 Guard Tower
04:28 Scout Tower
04:30 Scout Tower
04:52 Guard Tower
04:53 Scout Tower
04:54 Scout Tower
04:56 Guard Tower
04:57 Scout Tower
04:58 Scout Tower
04:58 Scout Tower
05:21 Keep
05:23 Scout Tower
05:24 Scout Tower
05:26 Guard Tower
05:27 Guard Tower
05:30 Scout Tower
05:35 Lumber Mill
05:54 Guard Tower
05:56 Scout Tower
05:57 Scout Tower
06:06 Guard Tower
06:07 Guard Tower
06:09 Arcane Tower
06:18 Guard Tower
06:20 Scout Tower
06:21 Scout Tower
06:21 Scout Tower
06:58 Guard Tower
07:01 Scout Tower
07:02 Scout Tower
07:13 Guard Tower
07:17 Farm
07:18 Farm
08:01 Guard Tower
08:03 Guard Tower
08:04 Guard Tower
08:06 Scout Tower
08:06 Scout Tower
08:07 Scout Tower
08:07 Scout Tower
08:09 Castle
08:14 Arcane Sanctum
08:18 Scout Tower
08:19 Scout Tower
08:22 Scout Tower
08:32 Scout Tower
08:33 Scout Tower
08:34 Scout Tower
08:35 Scout Tower
09:21 Guard Tower
09:42 Guard Tower
10:11 Guard Tower
10:12 Scout Tower
10:13 Scout Tower
10:15 Scout Tower
10:16 Scout Tower
10:23 Scout Tower
10:30 Town Hall
10:41 Scout Tower
10:43 Scout Tower
10:44 Scout Tower
10:45 Scout Tower
10:49 Scout Tower
10:52 Scout Tower
10:55 Guard Tower
10:59 Guard Tower
11:01 Scout Tower
11:02 Scout Tower
11:03 Scout Tower
11:04 Scout Tower
11:38 Guard Tower
11:49 Scout Tower
11:49 Scout Tower
11:50 Scout Tower
12:13 Guard Tower
12:14 Scout Tower
12:15 Scout Tower
12:34 Guard Tower
12:35 Scout Tower
12:36 Scout Tower
12:37 Scout Tower
12:59 Guard Tower
13:02 Scout Tower
13:04 Scout Tower
13:07 Scout Tower
13:08 Scout Tower
13:12 Guard Tower
13:12 Scout Tower
13:13 Scout Tower
13:14 Scout Tower
13:14 Scout Tower
13:14 Scout Tower
13:17 Guard Tower
13:21 Scout Tower
13:22 Scout Tower
13:23 Scout Tower
13:23 Scout Tower
13:24 Scout Tower
13:25 Scout Tower
13:26 Scout Tower
13:26 Scout Tower
13:32 Scout Tower
13:33 Scout Tower
13:33 Scout Tower
13:34 Scout Tower
13:35 Scout Tower
13:35 Scout Tower
13:36 Guard Tower
13:40 Guard Tower
13:51 Arcane Vault
14:00 Guard Tower
14:01 Scout Tower
14:02 Scout Tower
14:02 Scout Tower
14:03 Scout Tower
14:33 Guard Tower
14:42 Guard Tower
14:44 Guard Tower
14:54 Guard Tower
14:56 Scout Tower
14:57 Scout Tower
14:57 Scout Tower
14:57 Scout Tower
14:59 Scout Tower
14:59 Scout Tower
15:02 Guard Tower
15:13 Guard Tower
15:18 Scout Tower
15:19 Scout Tower
15:20 Scout Tower
15:20 Scout Tower
15:28 Guard Tower
16:13 Scout Tower
16:14 Scout Tower
16:14 Scout Tower
16:15 Scout Tower
16:15 Scout Tower
16:15 Scout Tower
16:18 Guard Tower
16:20 Scout Tower
16:21 Scout Tower
16:22 Scout Tower
16:22 Scout Tower
16:25 Scout Tower
16:25 Scout Tower
16:30 Guard Tower
16:31 Guard Tower
17:19 Guard Tower
17:23 Scout Tower
17:24 Scout Tower
17:25 Scout Tower
17:25 Scout Tower
17:29 Guard Tower
17:30 Scout Tower
17:31 Scout Tower
17:31 Scout Tower
17:48 Guard Tower
17:52 Scout Tower
17:53 Scout Tower
17:53 Scout Tower
17:55 Scout Tower
17:55 Scout Tower
17:58 Guard Tower
18:00 Guard Tower
18:40 Scout Tower
18:40 Scout Tower
18:41 Scout Tower
18:42 Scout Tower
18:42 Scout Tower
18:43 Scout Tower
18:43 Scout Tower
18:44 Scout Tower
18:45 Scout Tower
18:45 Scout Tower
18:45 Scout Tower
18:46 Scout Tower
18:47 Scout Tower
18:48 Scout Tower
18:48 Scout Tower
18:49 Scout Tower
18:50 Scout Tower
18:51 Scout Tower
18:52 Scout Tower
18:53 Scout Tower
18:53 Scout Tower
18:54 Scout Tower
18:55 Scout Tower
18:55 Scout Tower
18:57 Guard Tower
18:59 Scout Tower
19:00 Scout Tower
19:00 Scout Tower
19:01 Scout Tower
19:01 Scout Tower
19:02 Scout Tower
19:04 Guard Tower
19:05 Scout Tower
19:06 Scout Tower
19:07 Scout Tower
19:07 Scout Tower
19:08 Scout Tower
19:08 Scout Tower
19:22 Guard Tower
19:23 Scout Tower
19:24 Scout Tower
19:25 Scout Tower
19:26 Scout Tower
19:26 Scout Tower
19:27 Scout Tower
19:36 Scout Tower
19:37 Scout Tower
19:37 Scout Tower
19:38 Guard Tower
19:40 Guard Tower
19:50 Guard Tower
20:13 Guard Tower
20:15 Scout Tower
20:16 Scout Tower
20:17 Scout Tower
20:17 Scout Tower
20:18 Scout Tower
20:18 Scout Tower
20:28 Guard Tower
20:29 Guard Tower
20:38 Arcane Tower
20:44 Scout Tower
20:47 Scout Tower
20:48 Scout Tower
20:49 Scout Tower
20:51 Scout Tower
20:51 Scout Tower
20:59 Scout Tower
21:00 Scout Tower
21:00 Scout Tower
21:01 Scout Tower
21:01 Scout Tower
21:02 Scout Tower
21:03 Scout Tower
21:03 Scout Tower
21:05 Guard Tower
21:07 Scout Tower
21:08 Scout Tower
21:08 Scout Tower
21:09 Scout Tower
21:09 Scout Tower
21:10 Scout Tower
21:13 Arcane Tower
21:15 Arcane Tower
21:16 Guard Tower
21:18 Guard Tower
21:24 Scout Tower
21:25 Scout Tower
21:26 Scout Tower
21:27 Scout Tower
21:59 Guard Tower
22:03 Scout Tower
22:03 Scout Tower
22:04 Scout Tower
22:04 Scout Tower
22:13 Guard Tower
22:14 Scout Tower
22:15 Scout Tower
22:15 Scout Tower
22:16 Scout Tower
22:17 Scout Tower
22:17 Scout Tower
22:18 Scout Tower
22:19 Scout Tower
22:26 Arcane Vault
22:29 Arcane Tower
22:30 Guard Tower
22:35 Scout Tower
22:36 Scout Tower
22:37 Scout Tower
22:39 Scout Tower
22:39 Scout Tower
22:40 Scout Tower
22:41 Scout Tower
22:42 Scout Tower
22:57 Guard Tower
23:05 Arcane Tower
23:06 Guard Tower
23:10 Guard Tower
23:12 Guard Tower
23:14 Guard Tower
23:26 Arcane Tower
23:27 Guard Tower
24:13 Guard Tower
24:18 Guard Tower
24:21 Scout Tower
24:22 Scout Tower
24:22 Scout Tower
24:23 Scout Tower
24:27 Scout Tower
24:28 Scout Tower
24:29 Scout Tower
25:08 Scout Tower
25:08 Scout Tower
25:09 Scout Tower
25:10 Scout Tower
25:11 Scout Tower
25:12 Scout Tower
25:17 Scout Tower
25:18 Scout Tower
25:19 Scout Tower
25:20 Scout Tower
25:22 Scout Tower
25:23 Scout Tower
25:23 Scout Tower
25:24 Scout Tower
25:26 Guard Tower
25:27 Scout Tower
25:28 Scout Tower
25:28 Scout Tower
25:30 Scout Tower
25:37 Guard Tower
25:38 Scout Tower
25:39 Scout Tower
25:39 Scout Tower
25:40 Scout Tower
25:41 Scout Tower
25:41 Scout Tower
25:42 Scout Tower
25:43 Scout Tower
25:44 Scout Tower
25:44 Scout Tower
25:45 Scout Tower
25:45 Scout Tower
25:47 Scout Tower
25:47 Scout Tower
25:48 Scout Tower
25:48 Scout Tower
25:49 Scout Tower
25:50 Scout Tower
25:50 Scout Tower
25:52 Scout Tower
27:13 Guard Tower
27:14 Arcane Tower
27:16 Scout Tower
27:16 Scout Tower
28:16 Guard Tower
28:22 Guard Tower
28:22 Guard Tower
28:25 Guard Tower
28:27 Scout Tower
28:28 Scout Tower
28:28 Scout Tower
28:29 Scout Tower
28:30 Scout Tower
28:30 Scout Tower
29:07 Guard Tower
29:09 Scout Tower
29:10 Scout Tower
29:10 Scout Tower
29:11 Scout Tower
29:12 Scout Tower
29:13 Scout Tower
29:15 Guard Tower
29:16 Scout Tower
29:17 Scout Tower
29:17 Scout Tower
29:18 Scout Tower
29:18 Scout Tower
29:19 Scout Tower
29:20 Scout Tower
29:20 Scout Tower
29:22 Scout Tower
29:23 Scout Tower
29:23 Scout Tower
29:24 Scout Tower
29:26 Guard Tower
29:27 Scout Tower
29:28 Scout Tower
29:29 Scout Tower
29:29 Scout Tower
29:30 Scout Tower
29:31 Scout Tower
29:35 Scout Tower
29:37 Scout Tower
29:41 Scout Tower
29:56 Guard Tower
29:57 Scout Tower
29:58 Scout Tower
29:59 Scout Tower
30:00 Scout Tower
30:01 Scout Tower
30:01 Scout Tower
30:02 Scout Tower
30:03 Scout Tower
30:04 Scout Tower
30:05 Scout Tower
30:06 Scout Tower
30:07 Scout Tower
30:07 Scout Tower
30:08 Scout Tower
30:09 Scout Tower
30:09 Scout Tower
30:10 Scout Tower
30:27 Arcane Tower
30:30 Guard Tower
30:32 Guard Tower
30:39 Guard Tower
31:18 Guard Tower
31:27 Guard Tower
31:29 Guard Tower
31:32 Scout Tower
31:32 Scout Tower
31:33 Scout Tower
31:33 Scout Tower
32:03 Guard Tower
32:04 Scout Tower
32:04 Scout Tower
32:05 Scout Tower
32:05 Scout Tower
32:06 Scout Tower
32:06 Scout Tower
32:36 Guard Tower
32:38 Scout Tower
32:38 Scout Tower
32:39 Scout Tower
32:39 Scout Tower
32:56 Guard Tower
32:57 Scout Tower
32:58 Scout Tower
32:59 Scout Tower
32:59 Scout Tower
33:00 Scout Tower
33:01 Scout Tower
33:02 Scout Tower
33:04 Guard Tower
33:06 Scout Tower
33:07 Scout Tower
33:08 Scout Tower
33:08 Scout Tower
33:09 Scout Tower
33:10 Scout Tower
33:10 Scout Tower
33:12 Guard Tower
33:17 Scout Tower
33:18 Scout Tower
33:18 Scout Tower
33:19 Scout Tower
33:21 Guard Tower
33:34 Arcane Tower
33:35 Guard Tower
33:39 Scout Tower
33:39 Scout Tower
33:40 Scout Tower
33:41 Scout Tower
33:41 Scout Tower
33:41 Scout Tower
33:42 Scout Tower
33:43 Scout Tower
33:51 Scout Tower
33:51 Scout Tower
33:52 Scout Tower
33:53 Scout Tower
33:59 Scout Tower
34:01 Scout Tower
34:02 Scout Tower
34:03 Scout Tower
34:04 Arcane Tower
34:07 Guard Tower
34:17 Guard Tower
34:22 Guard Tower
34:26 Guard Tower
34:29 Scout Tower
34:29 Scout Tower
34:30 Scout Tower
34:31 Scout Tower
34:31 Scout Tower
34:43 Guard Tower
35:08 Guard Tower
36:06 Guard Tower
36:06 Scout Tower
36:07 Scout Tower
36:09 Scout Tower
36:10 Scout Tower
36:11 Scout Tower
36:11 Scout Tower
36:11 Scout Tower
36:40 Guard Tower
36:41 Scout Tower
36:41 Scout Tower
36:42 Scout Tower
36:43 Scout Tower
36:45 Guard Tower
36:46 Scout Tower
36:47 Scout Tower
36:47 Scout Tower
36:48 Scout Tower
36:48 Scout Tower
36:49 Scout Tower
36:49 Scout Tower
36:51 Scout Tower
36:52 Scout Tower
36:53 Scout Tower
36:54 Scout Tower
36:55 Guard Tower
37:13 Guard Tower
37:19 Scout Tower
37:20 Scout Tower
37:21 Scout Tower
37:54 Guard Tower
37:56 Scout Tower
37:57 Scout Tower
37:58 Scout Tower
37:58 Scout Tower
37:59 Scout Tower
37:59 Scout Tower
37:59 Scout Tower
38:00 Scout Tower
38:21 Guard Tower
38:22 Scout Tower
38:22 Scout Tower
38:23 Scout Tower
38:24 Scout Tower
38:24 Scout Tower
38:24 Scout Tower
38:26 Scout Tower
38:26 Scout Tower
38:31 Guard Tower
38:33 Scout Tower
38:34 Scout Tower
38:36 Scout Tower
38:37 Scout Tower
38:39 Scout Tower
38:39 Scout Tower
38:40 Scout Tower
38:41 Guard Tower
38:43 Scout Tower
38:44 Scout Tower
38:44 Scout Tower
38:45 Scout Tower
38:45 Scout Tower
38:46 Scout Tower
40:05 Guard Tower
40:06 Scout Tower
40:07 Scout Tower
40:08 Scout Tower
40:08 Scout Tower
40:09 Scout Tower
40:09 Scout Tower
40:12 Scout Tower
40:13 Scout Tower
40:14 Scout Tower
40:15 Scout Tower
40:19 Guard Tower
40:23 Scout Tower
40:23 Scout Tower
40:24 Scout Tower
40:25 Scout Tower
40:26 Scout Tower
40:26 Scout Tower
40:57 Guard Tower
40:59 Guard Tower
41:01 Guard Tower
41:35 Guard Tower
41:37 Scout Tower
41:37 Scout Tower
41:38 Scout Tower
41:38 Scout Tower
41:39 Scout Tower
41:39 Scout Tower
41:40 Scout Tower
41:40 Scout Tower
41:43 Scout Tower
41:43 Scout Tower
41:44 Scout Tower
41:45 Scout Tower
41:46 Guard Tower
41:47 Scout Tower
41:48 Scout Tower
41:49 Scout Tower
41:50 Scout Tower
41:50 Scout Tower
41:58 Guard Tower
42:09 Guard Tower
42:09 Guard Tower
43:33 Guard Tower
43:48 Town Hall
43:51 Guard Tower
44:13 Town Hall
44:23 Scout Tower
44:24 Scout Tower
44:25 Scout Tower
44:25 Scout Tower
44:26 Scout Tower
44:27 Scout Tower
44:28 Scout Tower
44:28 Scout Tower
44:29 Scout Tower
44:29 Scout Tower
44:31 Guard Tower
44:34 Scout Tower
44:35 Scout Tower
44:35 Scout Tower
44:36 Scout Tower
44:38 Guard Tower
44:42 Guard Tower
44:45 Scout Tower
44:45 Scout Tower
44:46 Scout Tower
45:27 Guard Tower
45:31 Guard Tower
46:01 Guard Tower
46:28 Guard Tower
46:48 Guard Tower
46:53 Scout Tower
46:54 Scout Tower
46:57 Guard Tower
47:37 Town Hall
48:12 Guard Tower
48:18 Scout Tower
48:19 Scout Tower
48:19 Scout Tower
48:20 Scout Tower
» items
| Staff of Teleportation | 3 | |
| Boots of Speed | 3 | |
| Healing Salve | 4 | |
| Lesser Clarity Potion | 3 | |
| Orb of Lightning | 2 | |
| Staff of Sanctuary | 3 | |
| Helm of Valor | 1 | |
| Periapt of Vitality | 1 | |
| Pendant of Mana | 1 | |
| Ring of Protection +4 | 1 | |
22 total
team 2 (loser)

»
AlCaVajda (
pink | 98 APM | 4666 actions | 47:23)
4 Dreadlord
2 Sleep
2 Vampiric Aura
3 Death Knight
1 Death Coil
2 Unholy Aura
» actions
| Assign group hotkey | 1 | |
| Basic commands | 11 | |
| Build / train | 107 | |
| Enter build submenu | 26 | |
| Enter hero's abilities submenu | 8 | |
| Give item / drop item | 2 | |
| Remove unit from queue | 4 | |
| Right click | 3189 | |
| Select / deselect | 1217 | |
| Select group hotkey | 2 | |
| Use ability | 96 | |
4666 total
» units
| Acolyte | 20 | |
| Ghoul | 18 | |
| Obsidian Statue | 4 | |
| Frost Wyrm | 19 | |
| Meatwagon | 6 | |
| Crypt Fiend | 8 | |
75 total
» upgrades
| Cannibalize | 0 | |
| Creature Carapace | 3 | |
| Creature Attack | 3 | |
| Freezing Breath | 1 | |
| Web | 1 | |
8 total
» buildings
| Crypt | 1 | |
| Ziggurat | 9 | |
| Altar of Darkness | 1 | |
| Tomb of Relics | 1 | |
| Nerubian Tower | 1 | |
| Halls of the Dead | 1 | |
| Graveyard | 1 | |
| Slaughterhouse | 1 | |
| Sacrificial Pit | 1 | |
| Black Citadel | 1 | |
| Boneyard | 2 | |
| Spirit Tower | 3 | |
| Necropolis | 4 | |
27 total
» build order
00:08 Crypt
00:17 Ziggurat
00:34 Altar of Darkness
00:51 Tomb of Relics
01:51 Ziggurat
02:34 Nerubian Tower
03:59 Ziggurat
05:53 Halls of the Dead
07:16 Ziggurat
07:33 Graveyard
08:58 Slaughterhouse
09:47 Sacrificial Pit
09:49 Black Citadel
09:56 Ziggurat
12:02 Ziggurat
12:12 Boneyard
12:18 Boneyard
14:28 Ziggurat
14:29 Ziggurat
15:39 Spirit Tower
16:52 Spirit Tower
17:12 Ziggurat
18:40 Spirit Tower
44:40 Necropolis
45:13 Necropolis
45:23 Necropolis
46:06 Necropolis
» items
| Rod of Necromancy | 1 | |
| Dust of Appearance | 1 | |
| Potion of Healing | 1 | |
| Healing Salve | 1 | |
| Scroll of Town Portal | 1 | |
| Staff of Teleportation | 1 | |
6 total
M28 (
purple | 63 APM | 2726 actions | 43:21)
3 Blademaster
2 Wind Walk
1 Critical Strike
1 Shadow Hunter
1 Hex
3 Archmage
2 Blizzard
1 Brilliance Aura
» actions
| Assign group hotkey | 38 | |
| Basic commands | 160 | |
| Build / train | 118 | |
| Enter build submenu | 65 | |
| Enter hero's abilities submenu | 8 | |
| Remove unit from queue | 3 | |
| Right click | 1332 | |
| Select / deselect | 755 | |
| Select group hotkey | 64 | |
| Use ability | 183 | |
2726 total
» units
| Peon | 33 | |
| Troll Batrider | 13 | |
| Kodo Beast | 2 | |
| Wind Rider | 4 | |
| Demolisher | 18 | |
70 total
» upgrades
» buildings
| Altar of Storms | 3 | |
| Orc Burrow | 5 | |
| War Mill | 1 | |
| Barracks | 5 | |
| Voodoo Lounge | 3 | |
| Stronghold | 1 | |
| Watch Tower | 27 | |
| Great Hall | 2 | |
| Fortress | 1 | |
| Beastiary | 2 | |
50 total
» build order
00:04 Altar of Storms
00:09 Altar of Storms
00:13 Altar of Storms
00:32 Orc Burrow
01:01 War Mill
01:46 Barracks
02:10 Voodoo Lounge
03:12 Stronghold
03:15 Watch Tower
04:14 Watch Tower
05:18 Watch Tower
05:20 Voodoo Lounge
05:23 Watch Tower
06:00 Watch Tower
06:04 Voodoo Lounge
06:34 Watch Tower
06:37 Watch Tower
07:16 Watch Tower
07:25 Watch Tower
08:01 Watch Tower
08:08 Watch Tower
08:23 Great Hall
08:38 Watch Tower
09:45 Watch Tower
09:53 Watch Tower
10:09 Fortress
10:12 Orc Burrow
10:13 Orc Burrow
10:48 Great Hall
11:02 Watch Tower
11:15 Beastiary
11:24 Beastiary
11:45 Watch Tower
13:01 Watch Tower
13:11 Orc Burrow
14:33 Watch Tower
18:03 Watch Tower
18:45 Watch Tower
18:47 Watch Tower
18:50 Watch Tower
20:54 Watch Tower
21:33 Watch Tower
24:10 Watch Tower
25:01 Orc Burrow
25:13 Barracks
25:17 Barracks
25:30 Watch Tower
25:45 Watch Tower
33:28 Barracks
33:33 Barracks
» items
| Healing Salve | 3 | |
| Lesser Clarity Potion | 7 | |
| Scroll of Speed | 2 | |
| Potion of Healing | 8 | |
| Orb of Lightning | 2 | |
| Tiny Great Hall | 1 | |
| Potion of Mana | 3 | |
| Potion of Lesser Invulnerability | 2 | |
| Scroll of Healing | 2 | |
| Tome of Retraining | 1 | |
| Circlet of Nobility | 1 | |
32 total
Noobyis (
orange | 25 APM | 1240 actions | 50:35)
2 Archmage
1 Summon Water Elemental
1 Brilliance Aura
1 Mountain King
1 Storm Bolt
» actions
| Assign group hotkey | 23 | |
| Basic commands | 79 | |
| Build / train | 53 | |
| Enter build submenu | 25 | |
| Enter hero's abilities submenu | 3 | |
| Remove unit from queue | 1 | |
| Right click | 611 | |
| Select / deselect | 195 | |
| Select group hotkey | 186 | |
| Use ability | 64 | |
1240 total
» units
» upgrades
» buildings
| Altar of Kings | 1 | |
| Barracks | 1 | |
| Farm | 5 | |
| Scout Tower | 29 | |
| Arcane Tower | 2 | |
| Lumber Mill | 1 | |
| Keep | 1 | |
| Arcane Vault | 1 | |
| Guard Tower | 8 | |
| Arcane Sanctum | 2 | |
| Blacksmith | 1 | |
52 total
» build order
00:13 Altar of Kings
00:19 Barracks
00:33 Farm
00:49 Farm
01:40 Scout Tower
01:54 Farm
02:19 Arcane Tower
02:58 Lumber Mill
03:03 Scout Tower
05:03 Keep
05:06 Arcane Vault
06:06 Guard Tower
07:16 Farm
08:44 Farm
09:35 Scout Tower
09:38 Scout Tower
09:39 Scout Tower
09:40 Scout Tower
09:41 Scout Tower
09:42 Scout Tower
09:43 Scout Tower
09:46 Scout Tower
09:47 Scout Tower
09:48 Scout Tower
09:49 Scout Tower
09:58 Scout Tower
09:59 Scout Tower
10:01 Scout Tower
10:02 Scout Tower
10:08 Guard Tower
10:10 Arcane Tower
11:00 Scout Tower
11:01 Guard Tower
11:03 Guard Tower
11:14 Scout Tower
11:17 Scout Tower
11:52 Scout Tower
11:55 Scout Tower
11:56 Scout Tower
11:57 Scout Tower
12:51 Guard Tower
12:52 Guard Tower
13:26 Arcane Sanctum
13:31 Arcane Sanctum
13:36 Guard Tower
13:43 Guard Tower
13:53 Scout Tower
13:55 Scout Tower
13:57 Scout Tower
13:58 Scout Tower
14:01 Scout Tower
14:46 Blacksmith
» items
| Healing Salve | 1 | |
| Potion of Healing | 1 | |
2 total
Chat log
(00:04 / All) matathemyra: we need to talk
(00:05 / All) iceboy: pizza coming
(00:05 / All) iceboy: 1 sec
(29:23 / All) AlCaVajda: fuckin biitches
(29:29 / All) iceboy: noobs LOL
(29:35 / All) iceboy: free win ;)
(29:36 / All) M28: towers noob
(29:43 / All) iceboy: die to towers noober XD
(29:49 / All) M28: noob
(29:58 / All) iceboy: u are... the bad!!
(30:03 / All) AlCaVajda: hahah
(30:09 / All) iceboy: WHAT HAPPEN TO UR MEAT WAGON :DDDDD
(30:11 / All) iceboy: > skill
(32:33 / All) iceboy: lol ud
(32:35 / All) iceboy: Noob much?
(32:38 / All) iceboy: why you lose this game?
(33:55 / All) iceboy: run faster ;:D
(33:58 / All) iceboy: TOO LATE
(34:25 / All) iceboy: ur meat wagon
(34:28 / All) iceboy: too late
(35:57 / All) iceboy: LOL noob
(39:09 / All) iceboy: noob dread lord dies again
(41:03 / All) AlCaVajda: bitch as motherfuckers
(41:14 / All) iceboy: hahaaaa
(41:31 / All) AlCaVajda: loughing as ya mother
(41:36 / All) iceboy: I laugh at your beginner tactics :)
(42:45 / All) AlCaVajda: playing for 15 years straight
(42:48 / All) AlCaVajda: like ya mammam
(42:54 / All) iceboy: and you still cant kill towers
(42:59 / All) iceboy: what does that say about your mamma
(43:11 / All) iceboy: iceboy - OUT!
(43:21 / All) AlCaVajda: icebitxh
(43:34 / All) matathemyra: u just got iced
(43:40 / All) iceboy: feel the burn B)
(43:42 / All) AlCaVajda: have fun
(43:52 / All) AlCaVajda: bitches killing everything
(45:07 / All) matathemyra: jue_jue
(46:19 / All) timg4strok: you guys aren't very good at "warcrat 3" are you
(46:39 / All) AlCaVajda: but at fucking your mama
(46:42 / All) timg4strok: ?
(46:44 / All) timg4strok: are you my dad?
(46:56 / All) AlCaVajda: damn right
(47:00 / All) AlCaVajda: now blow me
(47:03 / All) timg4strok: i thought my dad would be better at this game
(47:07 / All) iceboy: I never knew my father...
(47:10 / All) iceboy: ... was such a nOOB!
(47:15 / All) timg4strok: :
(47:20 / All) AlCaVajda: cauz u r a shameful bbastard
(48:25 / All) matathemyra: dios mio...